 Dungeon Crawl Stone Soup version 0.26.0-10-g1f06aea511 (webtiles) character file.

Game seed: 3486945482190247095

220 Borgoz the Slasher (level 5, -3/45 HPs)
             Began as a Ghoul Gladiator on Jan 15, 2021.
             Killed by divine providence
             ... invoked by an orc priest
              (12 damage)
             ... on level 4 of the Dungeon.
             The game lasted 00:02:37 (1434 turns).

Borgoz the Slasher (Ghoul Gladiator)                Turns: 1434, Time: 00:02:37

Health: -3/45      AC:  7    Str: 18    XL:     5   Next: 97%
Magic:  4/4        EV: 12    Int:  3    God:
Gold:   145        SH:  0    Dex: 11    Spells: 4/4 levels left

rFire    . . .     SeeInvis .   a - +0 long sword
rCold    + . .     Faith    .   (no shield)
rNeg     + + +     Spirit   .   h - +0 ring mail
rPois    ∞         Reflect  .   c - +0 helmet
rElec    .         Harm     .   f - +0 cloak
rCorr    .         Rampage  .   (no gloves)
Will     .....                  (no boots)
Stlth    +.........             g - amulet of regeneration
HPRegen  0.00/turn              (no ring)
MPRegen  0.09/turn              (no ring)

@: no status effects
A: claws 1, cold resistance 1, negative energy resistance 3, inhibited
regeneration, torment resistance, unbreathing
a: no special abilities


You were on level 4 of the Dungeon.
You visited 1 branch of the dungeon, and saw 5 of its levels.

You collected 145 gold pieces.

Inventory:

Hand Weapons
 a - a +0 long sword (weapon)
Missiles
 d - 3 throwing nets (quivered)
Armour
 c - a +0 helmet (worn)
 f - a +0 cloak (worn)
 h - a +0 ring mail (worn)
Jewellery
 g - an amulet of regeneration (around neck)
Scrolls
 m - 2 scrolls of teleportation {unknown}
Potions
 b - a potion of berserk rage {unknown}
 e - 2 potions of flight
 i - a potion of mutation {unknown}
 j - a potion of might {unknown}
 k - a potion of haste {unknown}
 l - a potion of curing {unknown}


   Skills:
 + Level 3.3 Fighting
 * Level 4.0 Long Blades
 - Level 1.7 Throwing
 * Level 2.8 Armour
 + Level 3.3 Dodging


You had 4 spell levels left.
You didn't know any spells.
Your spell library was empty.

Dungeon Overview and Level Annotations

Branches:
Dungeon (5/15)
 Temple: D:4-7

Altars:
The Shining One

Annotations:
D:3 Sigmund


Innate Abilities, Weirdness & Mutations

You thrive by killing the living.
You are immune to poison.
You have sharp fingernails.
Your flesh is cold resistant. (rC+)
You are immune to negative energy. (rN+++)
You do not regenerate when monsters are visible.
You are immune to unholy pain and torment.
You can survive without breathing.


Message History

The orc priest misses you.
You barely miss the orc priest.
The orc priest is severely wounded.
The orc priest hits you with a +0 short sword of venom.
* * * LOW HITPOINT WARNING * * *
You hit the orc priest but do no damage.
The orc priest is severely wounded.
The orc priest closely misses you.
You hit the orc priest.
The orc priest is almost dead.
The orc priest closely misses you.
You barely miss the orc priest.
The orc priest is almost dead.
The orc priest hits you but does no damage.
The orc priest closely misses you.
You barely miss the orc priest.
The orc priest is almost dead.
The orc priest mumbles some strange prayers to Beogh against you.
Beogh smites you!
You die...

#.# #......... #..#
#####.o......#
#..#####..oo.<.o..o>#
#..#.[>.###........#
#.#.#### ##########
###...##
#......###########
######..wo........
.........#@#######
..########.# #..#
##... ###.. ##


You could see a worm and an orc priest.

Vanquished Creatures
  An orc priest (D:3)
  Natasha (D:4)
  An orc wizard (D:3)
  A gnoll (D:1)
  5 adders
  An ooze (D:2)
  An adder skeleton (D:4)
  A worm (D:2)
  2 leopard geckos
  3 orcs
  4 giant cockroaches
  7 goblins
  9 hobgoblins
  10 jackals
  11 kobolds
  2 quokkas (D:2)
  2 bats (D:2)
  4 frilled lizards
  6 rats
72 creatures vanquished.

Notes
Turn   | Place    | Note
-------+----------+-------------------------------------------
     0 | D:1      | Borgoz the Ghoul Gladiator began the quest for the Orb.
     0 | D:1      | Reached XP level 1. HP: 17/17 MP: 0/0
   100 | D:1      | Reached XP level 2. HP: 23/24 MP: 1/1
   135 | D:1      | Reached skill level 3 in Long Blades
   135 | D:1      | Reached skill level 1 in Armour
   259 | D:1      | Reached XP level 3. HP: 30/30 MP: 2/2
   816 | D:2      | Reached XP level 4. HP: 29/37 MP: 3/3
  1102 | D:2      | Found a glowing golden altar of the Shining One.
  1246 | D:3      | Reached XP level 5. HP: 44/45 MP: 4/4
  1367 | D:3      | Noticed Sigmund
  1389 | D:5      | Entered Level 5 of the Dungeon
  1389 | D:5      | Noticed an ogre
  1395 | D:4      | Noticed Natasha
  1409 | D:4      | Killed Natasha
  1417 | D:4      | Reached skill level 4 in Long Blades
  1434 | D:4      | Killed from afar by an orc priest

Illustrated notes

Levels and vault maps discovered:
D:1:      zelgadis_glass_arrival_small, layout_loops_ring
D:2:      layout_basic, old_standard_altar
D:3:      layout_basic, uniq_sigmund
D:4:      layout_rooms, uniq_natasha
D:5:      layout_basic, chequers_temple_overflow_statue_of_worship,
          minmay_manual_maat

Skill      XL: |  1  2  3  4  5 |
---------------+----------------+-----
Long Blades    | 3 4 |  4.0
Armour         | 1 2 |  2.8
Dodging        | 3 |  3.3
Fighting       | 3 |  3.3
Throwing       | |  1.7

Action                   |  1- 3 |  4- 6 || total
-------------------------+-------+-------++-------
Melee: Long sword        |    92 |   123 ||   215
  Use: Scroll            |     3 |     2 ||     5
Armor: Leather armour    |     8 |       ||     8
       Ring mail         |    19 |    67 ||    86
Dodge: Dodged            |    48 |    93 ||   141
       Rpst.: Long sword |    11 |    27 ||    38
